 Dungeon Crawl Stone Soup version 0.29-a0-284-gf9362112df (webtiles) character file.

Game seed: 17408101382622753080

1099 holysushi the Insei (level 8, 35/66 HPs)
             Began as a White Draconian Transmuter on Mar 19, 2022.
             Was an Initiate of Gozag.
             Quit the game on level 6 of the Dungeon.
             The game lasted 00:16:52 (7111 turns).

holysushi the Insei (White Draconian Transmuter)    Turns: 7111, Time: 00:16:52

Health: 35/66      AC:  8    Str: 12    XL:     8   Next: 10%
Magic:  22/22      EV: 13    Int: 14    God:    Gozag
Gold:   194        SH:  0    Dex: 17    Spells: 7/13 levels left

rFire   . . .      SeeInvis .     - Unarmed
rCold   + . .      Faith    .   (no shield)
rNeg    . . .      Spirit   .   (body armour unavailable)
rPois   .          Reflect  .   (helmet restricted)
rElec   .          Harm     .   q - +0 cloak
rCorr   .          Rampage  .   y - +0 pair of gloves {Dex+3}
Will    +....                   (no boots)
Stlth   ++........              (no amulet)
HPRegen 0.21/turn               h - ring of willpower
MPRegen 0.18/turn               w - ring of magical power

@: no status effects
A: breathe frost, AC +6, unfitting armour, cold resistance 1, cold-blooded
a: Breathe Frost, Renounce Religion, Potion Petition, Call Merchant, Bribe
Branch


You were on level 6 of the Dungeon.
You worshipped Gozag.
Gozag was aware of your devotion.
You visited 2 branches of the dungeon, and saw 7 of its levels.

You collected 423 gold pieces.
You spent 159 gold pieces at shops.
You paid 70 gold pieces to Gozag.

Inventory:

Hand Weapons
 t - a +3 dagger of electrocution
Armour
 p - a +0 buckler
 q - a +0 cloak (worn)
 y - a +0 pair of gloves of dexterity (worn)
Jewellery
 h - a ring of willpower (left hand)
 w - a ring of magical power (right hand)
Scrolls
 d - 2 scrolls of immolation {unknown}
 e - 4 scrolls of enchant weapon
 f - a scroll of fog
 i - a scroll of magic mapping
 k - a scroll of amnesia {unknown}
 m - 7 scrolls of identify
 o - a scroll of enchant armour {unknown}
 x - a scroll of silence {unknown}
 z - a scroll of teleportation
Potions
 a - 2 potions of lignification
 b - a potion of heal wounds {unknown}
 c - a potion of curing
 g - a potion of berserk rage
 j - 3 potions of degeneration {unknown}
 l - a potion of invisibility {unknown}
 n - a potion of cancellation {unknown}
 s - a potion of attraction {unknown}
 u - a potion of haste {unknown}
 v - a potion of magic {unknown}


   Skills:
 + Level 4.1 Fighting
 + Level 3.8 Dodging
 - Level 0.9 Stealth
 * Level 6.2 Unarmed Combat
 + Level 3.3 Spellcasting
 - Level 4.0 Transmutations
 - Level 2.5 Poison Magic


You had 7 spell levels left.
You knew the following spells:

 Your Spells              Type           Power      Damage    Failure   Level
a - Beastly Appendage     Tmut           26%        N/A       4%          1
b - Wereblood             Tmut           13%        N/A       6%          2
c - Spider Form           Tmut/Pois      11%        N/A       16%         3

Your spell library contained the following spells:

 Spells                   Type           Power      Damage    Failure   Level
 Static Discharge         Conj/Air       2%         N/A       30%         2
 Ice Form                 Ice/Tmut       7%         N/A       65%         4
 Lightning Bolt           Conj/Air       1%         1d12      99%         5
 Maxwell's Capacitive Co  Air            1%         ∞         100%        8


Dungeon Overview and Level Annotations

Branches:
Dungeon (6/15)             Temple (1/1) D:4

Altars:
Ashenzari
Cheibriados
Dithmenos
Elyvilon
Fedhas
Gozag
Hepliaklqana
Nemelex Xobeh
Qazlal
Ru
Sif Muna
Trog
Uskayaw
Vehumet
Yredelemnul
Zin

Shops:
D:4 ?=[[   D:5 *


Innate Abilities, Weirdness & Mutations

You can breathe waves of freezing cold which knock back foes.
Your icy white scales are hard. (AC +6)
You cannot fit into any form of body armour.
Your flesh is cold resistant. (rC+)
You are cold-blooded and may be slowed by cold attacks.


Message History

You see here a +0 whip.
Casting: Spider Form (dangerous; 17% risk of failure)
Confirm with . or Enter, or press ? or * to list all spells.
You turn into a venomous arachnid creature.
Your +0 cloak melds into your body.
Your +0 pair of gloves of dexterity melds into your body.
You feel clumsy.
Found a glowing dagger.
The scorpion stings you!
You are poisoned.
The scorpion poisons you!
You barely miss the scorpion.
You feel very sick. The scorpion barely misses you.
Unknown command.
You hit the scorpion.
The scorpion is poisoned.
The scorpion is moderately wounded.
You feel very sick. The scorpion stings you.
You bite the scorpion!
The scorpion looks as sick as possible!
The scorpion is severely wounded.
You feel very sick.
You kill the scorpion!
You feel very sick.
You now have 194 gold pieces (gained 6).
You feel sick.
Okay, then.
Unknown command.
Your transformation is almost over.
You feel sick.
You feel sick.
You start resting.
You feel sick. x5
You are no longer poisoned.
You start resting.
Your transformation has ended.
Your +0 cloak unmelds from your body.
Your +0 pair of gloves of dexterity unmelds from your body.
You feel agile.
You start resting.
Magic restored.
Are you sure you want to abandon this character and quit the game? (Confirm with "yes".)

####### #.....
#######.#.# #####
#..)..@..#
#...####.##.#..##
#.#.........#.##
###...####.####).
#.......##.# #.#.
#.......##..
..##.
#.......##### ###
## #....<..#
#.......#


There were no monsters in sight!

Vanquished Creatures
  A hornet zombie (D:5)
  A black bear (D:6)
  2 scorpions
  4 necrophages
  A water moccasin zombie (D:5)
  2 orc priests (D:5)
  A jelly (D:5)
  A scorpion zombie (D:5)
  5 iguanas
  An orc wizard (D:4)
  A hound zombie (D:5)
  3 gnolls (D:2)
  9 adders
  2 adder zombies (D:3)
  A dart slug (D:2)
  10 orcs
  7 ball pythons
  8 endoplasms
  7 giant cockroaches
  7 goblins
  5 hobgoblins
  3 jackals (D:1)
  12 kobolds
  A quokka (D:3)
  2 bats
  6 frilled lizards
  2 rats
105 creatures vanquished.

Vanquished Creatures (others)
  2 bushes (D:5)
  26 plants
28 creatures vanquished.

Grand Total: 133 creatures vanquished

Notes
Turn   | Place    | Note
-------+----------+-------------------------------------------
     0 | D:1      | holysushi the Draconian Transmuter began the quest for the
                  | Orb.
     0 | D:1      | Reached XP level 1. HP: 16/16 MP: 3/3
   220 | D:1      | Reached XP level 2. HP: 23/23 MP: 3/5
   415 | D:1      | Found a faded altar of an unknown god.
   455 | D:1      | Learned a level 2 spell: Wereblood
   730 | D:1      | Reached XP level 3. HP: 25/28 MP: 4/6
  1708 | D:2      | Reached XP level 4. HP: 19/36 MP: 5/7
  2216 | D:3      | Learned a level 3 spell: Spider Form
  2703 | D:3      | Reached skill level 4 in Unarmed Combat
  3059 | D:3      | Noticed a +0 short sword
  3060 | D:3      | Noticed a +0 spear
  3060 | D:3      | Noticed a +0 dagger
  3060 | D:3      | Noticed a +0 falchion
  3060 | D:3      | Noticed a +0 falchion
  3062 | D:3      | Noticed a +0 spear
  3062 | D:3      | Noticed a +0 dagger
  3062 | D:3      | Noticed a +0 short sword
  3068 | D:3      | Found a hide-covered altar of Uskayaw.
  3171 | D:3      | Reached XP level 5. HP: 39/41 MP: 4/8
  3202 | D:3      | Found a basalt altar of Yredelemnul.
  3574 | D:4      | Found Mues Fec's Armour Boutique.
  3614 | D:4      | Bought a +0 pair of gloves of dexterity for 115 gold pieces
  3769 | D:4      | Reached skill level 1 in Poison Magic
  3769 | D:4      | Found Hesuosch's Jewellery Shop.
  4140 | D:4      | Found Tiew's Antique Armour Shoppe.
  4393 | D:4      | Found a staircase to the Ecumenical Temple.
  4406 | Temple   | Entered the Ecumenical Temple
  4678 | Temple   | Became a worshipper of Gozag Ym Sagoz the Greedy
  4688 | D:4      | Found Doasma's Magic Scroll Boutique.
  4696 | D:4      | Bought a scroll of teleportation for 33 gold pieces
  4696 | D:4      | Bought a scroll of noise for 11 gold pieces
  4746 | D:4      | Reached XP level 6. HP: 50/50 MP: 9/9
  4942 | D:5      | Entered Level 5 of the Dungeon
  5192 | D:5      | Found a broken altar of Ashenzari.
  5608 | D:5      | Found a blossoming altar of Fedhas.
  5628 | D:5      | Reached skill level 5 in Unarmed Combat
  5628 | D:5      | Your scales start taking on an icy white colour.
  5628 | D:5      | Reached XP level 7. HP: 57/57 MP: 10/10
  5628 | D:5      | Gained mutation: Your flesh is cold resistant. (rC+) [White
                  | Draconian growth]
  5737 | D:5      | HP: 2/57 [orc/+0 club (2)]
  6187 | D:5      | Found Ogurgh's CLEARANCE SALE!.
  6981 | D:6      | Reached skill level 6 in Unarmed Combat
  6981 | D:6      | Reached XP level 8. HP: 46/66 MP: 12/12
  7111 | D:6      | Quit the game

Illustrated notes

Levels and vault maps discovered:
D:1:      minmay_arrival_up_and_down, layout_loops_cross,
          shapermc_ecumenical_altar_acropolis, minmay_misc_feat_square
D:2:      layout_basic, kennysheep_decorative_pillar, lexackson_kobold_supper
D:3:      layout_basic, nicolae_uskayaw_en_pointe,
          lemuel_zombie_altar_yredelemnul, minmay_shallow_snake_nest
D:4:      layout_rooms, minmay_temple_entry_butterflies, serial_shops, shop,
          shop, nicolae_shop_trees, nicolae_shop_trees
D:5:      layout_loops_ring, fedhas_altar_decomposition,
          mainiacjoe_overflow_alcove_1, nicolae_shop_clearance
D:6:      layout_loops_cross, overflow_temple_1_default,
          minmay_tree_intersection, serial_bayou_crossing
Temple:   nicolae_temple_hex_pool

Skill      XL: |  1  2  3  4  5  6  7 |
---------------+----------------------+-----
Dodging        | 2 3 |  3.8
Fighting       | 2 3 4 |  4.1
Unarmed Combat | 4 5 6 |  6.2
Poison Magic   | 1 2 |  2.5
Transmutations | 3 4 |  4.0
Spellcasting   | 3 |  3.3
Stealth        | |  0.9

Action                   |  1- 3 |  4- 6 |  7- 9 || total
-------------------------+-------+-------+-------++-------
Melee: Unarmed           |   106 |   218 |    96 ||   420
       Tailslap          |    12 |    16 |     2 ||    30
       Headbutt          |     6 |    13 |       ||    19
       Kick              |    13 |    35 |     1 ||    49
       Punch             |     2 |     5 |       ||     7
 Cast: Beastly Appendage |    17 |    21 |     1 ||    39
       Wereblood         |     1 |     9 |     1 ||    11
       Spider Form       |       |     3 |     9 ||    12
 Abil: End Transformatio |       |     1 |     1 ||     2
       Breathe Frost     |       |       |     1 ||     1
  Use: Scroll            |     3 |     2 |       ||     5
       Potion            |       |       |     2 ||     2
 Stab: Sleeping          |     2 |     1 |       ||     3
Armor: Skin              |    33 |    60 |    12 ||   105
Dodge: Dodged            |    59 |   116 |    73 ||   248

Table legend: (Time is in decaauts)
 A = Elapsed time spent in this place.
 B = Non-inter-level travel time spent in this place.
 C = Inter-level travel time spent in this place.
 D = Time resting spent in this place.
 E = Time spent auto-exploring this place.
 F = Levels seen in this place.
 G = Mean time per level.
                   A        B        C        D        E       F      G
               +--------+--------+--------+--------+--------+-----+--------+
         Total |   7087 |   6883 |    204 |   2427 |   2783 |   7 | 1012.4 |
       Dungeon |   6812 |   6608 |    204 |   2427 |   2719 |   6 | 1135.3 |
        Temple |    275 |    275 |      0 |      0 |     64 |   1 |  275.0 |
               +--------+--------+--------+--------+--------+-----+--------+

Top non-repeatable levels by time:
     D:5: 1787 daAuts
     D:3: 1357 daAuts
     D:2: 1350 daAuts
     D:4: 1317 daAuts
     D:1: 861 daAuts
  Temple: 275 daAuts
     D:6: 138 daAuts
